Map: Oxide LE

Players

Vindicta

  • Race: Terran Terran
  • League: Master
  • Spawn Location: 1:00

DisK - Winner!

  • Race: Protoss Protoss
  • Spawn Location: 7:00

Event: DreamHack SC2 Masters 2020 Winter

VOD

Have the link to the VOD?

Description

Time

  • Played on: Nov. 1, 2020, 2:25 p.m.
  • Length: 15:27

All games in this series

Show
View Real Time Build Order
Export as new Build Order

Vindicta Terran 

Build Orders: Reaper Expand 

Get SALT Encoding   

  12  0:00  SCV  
  13  0:12  SCV  
  14  0:19  Supply Depot  
  14  0:24  SCV  
  15  0:40  SCV  
  15  0:42  Barracks  
  16  0:46  Refinery  
  16  0:52  SCV  
  17  1:05  SCV  
  18  1:17  SCV  
  19  1:31  Reaper, Orbital Command  
  20  1:47  Command Center  
  20  1:56  Supply Depot  
  20  1:57  SCV  
  21  2:03  Marine  
  22  2:09  SCV  
  23  2:18  Factory  
  23  2:22  SCV  
  24  2:24  Bunker  
  24  2:27  Marine  
  25  2:31  Refinery  
  25  2:34  SCV  
  26  2:45  Barracks Reactor  
  26  2:46  SCV  
  27  2:58  SCV, Orbital Command  
  28  3:09  Armory, Factory Tech Lab  
  28  3:10  SCV  
  29  3:21  Marine  
  29  3:22  SCV  
  29  3:23  Marine  
  29  3:25  SCV  
  32  3:28  Starport  
  32  3:31  Widow Mine  
  34  3:34  SCV  
  34  3:37  SCV  
  34  3:38  Supply Depot  
  34  3:40  Marine  
  34  3:41  Marine  
  37  3:46  SCV  
  39  3:54  Widow Mine  
  41  3:59  Drilling Claws  
  41  4:01  SCV x2  
  42  4:04  Medivac, Marine x2  
  46  4:12  Supply Depot  
  46  4:13  SCV  
  46  4:15  SCV, Widow Mine  
  50  4:22  Marine x2  
  52  4:25  SCV  
  52  4:28  SCV  
  52  4:30  Command Center  
  57  4:38  Supply Depot  
  57  4:40  Medivac, Widow Mine  
  57  4:43  Marine x2  
  57  4:45  SCV  
  62  4:58  SCV  
  62  4:59  Barracks  
  62  5:01  Supply Depot, Marine  
  62  5:03  Widow Mine  
  62  5:04  Barracks  
  62  5:05  SCV  
  66  5:10  SCV, Supply Depot  
  66  5:13  Refinery, Starport Tech Lab  
  67  5:17  SCV  
  68  5:22  SCV  
  69  5:31  SCV  
  69  5:34  SCV  
  67  5:36  Factory Reactor  
  67  5:37  Engineering Bay, Refinery  
  67  5:38  Engineering Bay  
  67  5:42  Orbital Command  
  63  5:43  SCV  
  63  5:46  SCV  
  63  5:49  Starport Reactor  
  65  5:50  Barracks  
  65  5:56  SCV, Combat Shield, Stimpack  
  66  5:58  Marauder x2  
  66  6:00  Marine  
  66  6:04  Barracks  
  71  6:07  Supply Depot, Terran Infantry Weapons Level 1  
  71  6:18  Widow Mine x2  
  75  6:19  Marauder x2  
  75  6:21  Orbital Command  
  75  6:23  SCV x2  
  75  6:25  Medivac  
  83  6:28  Medivac  
  83  6:30  Supply Depot, Marine  
  86  6:34  Missile Turret  
  86  6:35  SCV x2  
  86  6:39  Widow Mine  
  90  6:40  Barracks Reactor  
  90  6:44  Marauder x2  
  94  6:49  Widow Mine  
  94  6:50  SCV x2  
  94  6:52  SCV  
  99  6:55  Barracks Tech Lab  
  99  6:59  Supply Depot  
  99  7:00  Medivac  
  101  7:04  Widow Mine  
  101  7:06  Medivac, Marauder  
  101  7:08  Marauder  
  109  7:09  SCV x3  
  109  7:13  Ghost Academy  
  109  7:14  Refinery  
  112  7:21  SCV, Terran Infantry Armor Level 1  
  112  7:22  Supply Depot  
  113  7:23  SCV x2, Marine  
  113  7:24  Marauder  
  113  7:28  Widow Mine  
  120  7:33  SCV, Marauder, Marine  
  120  7:35  SCV  
  120  7:36  Concussive Shells  
  125  7:40  Supply Depot  
  125  7:43  SCV, Marauder  
  128  7:47  SCV, Marauder, Marine x2  
  128  7:49  Refinery  
  133  7:56  Marauder  
  133  8:01  Marine  
  133  8:02  Widow Mine x2, Marine  
  133  8:05  Marauder  
  139  8:06  Command Center  
  139  8:07  Terran Infantry Weapons Level 2  
  139  8:09  SCV  
  140  8:13  Supply Depot  
  140  8:15  Enhanced Shockwaves, Supply Depot  
  140  8:17  Ghost  
  140  8:25  Supply Depot, Missile Turret  
  140  8:28  Sensor Tower  
  140  8:30  Widow Mine  
  140  8:31  Widow Mine  
  140  8:34  Ghost  
  142  8:43  SCV x3  
  142  8:46  Barracks  
  145  8:50  Ghost  
  145  8:52  Widow Mine, Marine  
  145  8:53  Marauder, Marine  
  145  8:55  SCV  
  154  9:01  Barracks  
  154  9:02  Barracks  
  154  9:03  Marauder  
  154  9:04  Armory  
  154  9:09  Marine  
  156  9:11  Marine x3  
  156  9:15  Supply Depot  
  161  9:17  Supply Depot  
  161  9:19  Terran Infantry Armor Level 2, Marauder  
  161  9:21  SCV  
  164  9:26  Marine  
  164  9:29  Viking  
  167  9:31  Sensor Tower  
  167  9:32  Starport  
  167  9:35  Missile Turret  
  167  9:37  Viking  
  167  9:44  Barracks Tech Lab  
  167  9:46  Marine  
  167  9:47  Marauder  
  168  9:58  Ghost  
  168  9:59  Viking  
  165  10:00  Sensor Tower  
  165  10:05  Planetary Fortress  
  164  10:07  Viking  
  164  10:12  Viking x2  
  164  10:13  Barracks Tech Lab x2  
  170  10:16  SCV x2, Refinery  
  170  10:17  SCV, Refinery  
  170  10:18  Missile Turret x2  
  167  10:26  Marauder, Marine  
  170  10:29  Viking  
  172  10:35  Command Center  
  172  10:37  Ghost  
  172  10:42  Viking x2  
  178  10:44  Viking, Marauder  
  178  10:46  SCV  
  178  10:47  SCV  
  182  10:53  Terran Ship Weapons Level 1  
  182  10:54  Fusion Core  
  182  10:56  Marauder  
  183  11:05  Terran Infantry Weapons Level 3  
  183  11:06  Marine  
  183  11:07  Marauder, Marine  
  183  11:10  SCV  
  183  11:11  Viking  
  190  11:14  Medivac  
  190  11:18  Marauder x2  
  196  11:24  Supply Depot  
  196  11:25  Supply Depot  
  196  11:27  Ghost  
  196  11:46  Liberator  
  199  11:54  Marine  
  199  12:01  Marine, Liberator  
  197  12:11  Liberator  
  197  12:14  Liberator  
  194  12:24  Marauder  
  194  12:26  Personal Cloaking  
  192  12:31  Ghost Academy  
  192  12:36  Command Center x2  
  190  12:44  Ghost, Marauder, Marine x3  
  187  12:45  Marauder  
  187  12:46  Marauder  
  187  12:47  Marine  
  187  12:48  Marauder x2  
  186  13:01  SCV  
  186  13:03  Sensor Tower  
  186  13:04  Supply Depot  
  187  13:08  Nuke  
  187  13:17  Planetary Fortress  
  187  13:25  SCV, Medivac, Marine x2, Liberator  
  195  13:37  SCV x3, Marine x2  
  200  13:43  Refinery, Missile Turret  
  200  13:44  Refinery  
  200  13:49  Orbital Command  
  200  13:50  SCV, Liberator  
  200  13:52  Nuke  
  200  13:53  Marine  
  200  13:54  Marine  
  197  14:03  Liberator  
  197  14:05  Advanced Ballistics  
  189  14:10  Orbital Command, Liberator  
  189  14:12  Medivac, Ghost  
  189  14:15  Ghost  
  190  14:17  SCV  
  190  14:18  SCV  
  190  14:20  SCV  
  190  14:22  Marine  
  186  14:24  SCV  
  178  14:32  SCV  
  178  14:33  SCV  
  178  14:34  SCV x3, Marine  
  182  14:39  SCV x2  
  184  14:46  SCV, Ghost  
  185  14:53  Marine  
  185  14:54  Marauder, Marine  
  185  14:55  SCV  
  185  14:56  SCV  
  185  14:57  SCV  
  191  15:03  Marine x2  
  191  15:04  Marauder x2, Marine  
  191  15:05  Marine  
Show
View Real Time Build Order
Export as new Build Order

DisK Protoss - Winner!

Build Orders: 1 Gate Expand, Blink Stalkers 

Get SALT Encoding   

  12  0:01  Probe  
  13  0:13  Probe  
  14  0:17  Pylon  
  14  0:25  Probe (Chrono Boost)  
  15  0:35  Gateway  
  15  0:38  Probe (Chrono Boost)  
  16  0:46  Probe (Chrono Boost)  
  16  0:49  Assimilator  
  17  0:52  Probe  
  19  1:04  Probe  
  19  1:16  Probe  
  20  1:22  Cybernetics Core  
  20  1:32  Nexus  
  20  1:39  Pylon  
  20  1:43  Probe  
  21  1:48  Assimilator  
  21  1:55  Probe, Adept (Chrono Boost)  
  24  2:02  Warp Gate  
  24  2:07  Probe  
  24  2:16  Stalker (Chrono Boost)  
  24  2:19  Probe  
  27  2:31  Probe  
  28  2:43  Twilight Council  
  29  2:45  Probe (Chrono Boost)  
  29  2:47  Stalker  
  29  2:48  Probe (Chrono Boost)  
  32  2:54  Probe (Chrono Boost)  
  32  2:57  Probe (Chrono Boost)  
  34  2:59  Probe (Chrono Boost)  
  34  3:04  Gateway  
  35  3:07  Probe  
  35  3:11  Probe  
  37  3:14  Blink (Chrono Boost)  
  38  3:22  Probe (Chrono Boost)  
  38  3:23  Probe (Chrono Boost)  
  39  3:31  Pylon  
  41  3:34  Probe (Chrono Boost)  
  41  3:36  Probe (Chrono Boost)  
  41  3:37  Robotics Facility  
  41  3:39  Probe (Chrono Boost)  
  42  3:44  Probe  
  43  3:50  Probe  
  43  3:53  Sentry  
  46  3:56  Probe  
  46  4:00  Nexus  
  45  4:03  Stalker  
  45  4:07  Pylon  
  45  4:09  Probe  
  48  4:10  Probe  
  48  4:15  Assimilator  
  49  4:17  Stalker  
  49  4:21  Probe  
  52  4:26  Observer  
  53  4:31  Probe  
  53  4:34  Stalker  
  56  4:40  Pylon  
  56  4:45  Probe  
  56  4:46  Probe, Forge  
  56  4:51  Observer  
  59  4:56  Stalker  
  59  4:57  Gateway x2  
  59  4:58  Probe x2  
  63  5:01  Stalker  
  65  5:10  Probe  
  65  5:14  Probe x2, Pylon  
  68  5:22  Probe, Observer (Chrono Boost)  
  66  5:31  Probe x2  
  66  5:34  Probe  
  69  5:35  Pylon  
  69  5:36  Protoss Ground Weapons Level 1 (Chrono Boost)  
  69  5:37  Gateway  
  69  5:38  Gateway  
  69  5:40  Charge  
  69  5:43  Probe  
  69  5:46  Probe x2  
  69  5:48  Pylon  
  72  5:54  Photon Cannon  
  72  5:59  Shield Battery  
  72  6:00  Probe x2  
  74  6:13  Immortal  
  74  6:17  Observer  
  74  6:18  Probe x3  
  77  6:20  Sentry x2  
  77  6:23  Zealot x2  
  89  6:30  Probe  
  89  6:31  Pylon x2  
  90  6:32  Zealot  
  90  6:33  Zealot  
  90  6:37  Probe x2  
  96  6:42  Assimilator  
  96  6:45  Assimilator  
  96  6:46  Robotics Bay, Pylon  
  96  6:48  Assimilator  
  96  6:49  Zealot  
  96  6:52  Zealot  
  100  6:54  Probe x2  
  100  6:55  Probe  
  100  6:59  Immortal (Chrono Boost)  
  107  7:08  Probe x3  
  107  7:09  Photon Cannon  
  110  7:19  Robotics Facility  
  110  7:20  Zealot x2  
  110  7:22  Stalker, Pylon  
  116  7:26  Stalker  
  116  7:27  Stalker, Protoss Ground Armor Level 1 (Chrono Boost)  
  120  7:33  Stalker  
  120  7:34  Colossus (Chrono Boost)  
  129  7:44  Probe x2  
  129  7:46  Pylon  
  130  7:52  Photon Cannon  
  130  7:54  Observer  
  130  7:57  Stalker x2  
  130  7:58  Stalker  
  128  8:01  Zealot  
  128  8:02  Zealot  
  132  8:15  Colossus (Chrono Boost)  
  132  8:16  Probe x2  
  132  8:18  Colossus (Chrono Boost)  
  146  8:28  Probe x3  
  149  8:35  Pylon  
  149  8:37  Extended Thermal Lance  
  148  8:45  Pylon  
  148  8:47  Pylon  
  148  8:48  Pylon  
  148  8:50  Nexus  
  148  8:54  Pylon  
  147  9:00  Warp Prism (Chrono Boost), Pylon  
  147  9:01  Zealot  
  147  9:02  Disruptor (Chrono Boost)  
  154  9:11  Templar Archives  
  154  9:15  Zealot x4  
  162  9:20  Forge  
  162  9:22  Pylon  
  162  9:26  Shield Battery  
  160  9:38  Zealot x6  
  169  9:44  Pylon  
  169  9:50  Disruptor x2  
  169  9:51  Protoss Ground Weapons Level 2 (Chrono Boost)  
  169  10:00  Observer  
  169  10:02  Gateway x2  
  169  10:03  Protoss Ground Armor Level 2 (Chrono Boost)  
  165  10:12  High Templar x4  
  165  10:13  High Templar  
  175  10:14  High Templar  
  175  10:15  Pylon  
  177  10:22  Archon x2  
  177  10:23  Archon  
  176  10:30  Pylon  
  176  10:31  Disruptor  
  176  10:35  Photon Cannon  
  176  10:36  Photon Cannon  
  176  10:41  Disruptor  
  180  10:51  Zealot x6  
  192  11:08  Disruptor  
  195  11:23  Nexus  
  195  11:25  Stalker x3  
  199  11:28  Pylon  
  199  11:30  Pylon, Gravitic Boosters  
  198  12:00  Zealot x2  
  198  12:06  Zealot x2  
  192  12:17  Protoss Ground Weapons Level 3 (Chrono Boost), Protoss Ground Armor Level 3 (Chrono Boost)  
  192  12:21  Zealot x5  
  194  12:32  Photon Cannon  
  194  12:33  Photon Cannon  
  194  12:36  Photon Cannon  
  192  12:38  Shield Battery  
  192  12:39  Shield Battery, Psionic Storm  
  173  12:51  Disruptor x2 (Chrono Boost)  
  173  12:53  Zealot x8  
  193  13:11  Assimilator x2  
  193  13:26  Gateway  
  193  13:29  Gateway  
  193  13:30  Observer x2  
  193  13:33  Nexus  
  195  13:34  Dark Shrine, Pylon  
  195  13:38  Stargate  
  179  14:18  Observer x2  
  161  14:32  Disruptor x2  
  161  14:35  Stalker x3  
  161  14:36  Stalker x2, Zealot x3  
  161  14:37  Zealot x2  
  157  15:19  Zealot x6  
  157  15:20  Zealot x4  
Tags
 
Add a new tag
Caveats
  • Supply blocks, unpowered buildings, or Contaminate may cause inaccurate times.
  • Supply counts are checked every 10 seconds.